 Dungeon Crawl Stone Soup version 0.30-a0-782-ge64f9170bb (webtiles) character file.

Game seed: 6633405929602092642

164 slade the Trooper (level 5, 0/47 HPs)
             Began as a Hill Orc Fighter on Feb 18, 2023.
             Slain by a scorpion (3 damage)
             ... on level 6 of the Dungeon on Feb 19, 2023.
             The game lasted 00:40:32 (2025 turns).

slade the Trooper (Hill Orc Fighter)                Turns: 2025, Time: 00:40:33

Health: 0/47       AC: 10    Str: 20 (21) XL:     5   Next: 45%
Magic:  5/5        EV:  9    Int:  7 (8)  God:
Gold:   104        SH:  4    Dex: 10      Spells: 4/4 levels left

rFire   . . .      SeeInvis .    a - +0 rapier (elec)
rCold   . . .      Faith    .    c - +0 buckler
rNeg    . . .      Spirit   .    b - +0 scale mail
rPois   .          Reflect  .    (no helmet)
rElec   .          Harm     .    (no cloak)
rCorr   .          Rampage  .    (no gloves)
Will    .....                    j - +2 pair of boots Stlth
                                 (no amulet)
HPRegen 0.27/turn                (no ring)
MPRegen 0.09/turn                (no ring)

@: about to teleport
A: no striking features
a: Convert to Beogh


You were on level 6 of the Dungeon.
You visited 1 branch of the dungeon, and saw 4 of its levels.

You collected 104 gold pieces.

Inventory:

Hand Weapons
 a - a +0 rapier of electrocution (weapon)
 e - a +0 short sword
 f - a +0 short sword
 g - a +0 dagger
 h - a +0 whip
 i - a +0 dagger
 k - a +0 dagger
 l - a +0 short sword
 o - a +0 short sword
 p - a +0 mace
 r - a +0 club
 z - a +0 dagger
 C - a +0 bardiche
Missiles
 d - 6 large rocks
 x - 3 stones
 A - 4 poisoned darts
 D - 4 boomerangs (quivered)
Armour
 b - a +0 scale mail (worn)
 c - a +0 buckler (worn)
 j - a +2 pair of boots (worn)
 w - a +0 ring mail
Scrolls
 n - a scroll of blinking {unknown}
 v - a scroll of magic mapping
 y - a scroll of enchant armour {unknown}
Potions
 q - a potion of mutation
 s - a potion of flight
 t - a potion of attraction {unknown}
 u - a potion of degeneration
 B - 2 potions of heal wounds {unknown}


   Skills:
 * Level 4.6 Fighting
 + Level 2.8 Short Blades
 + Level 0.7 Throwing
 + Level 4.4 Armour
 + Level 1.2 Dodging
 + Level 0.1 Stealth
 + Level 3.7 Shields


You had 4 spell levels left.
You didn't know any spells.
Your spell library was empty.

Dungeon Overview and Level Annotations

Branches:
Dungeon (3/15)

Altars:

Shops:
D:2 !


Message History

You feel stronger.
You see here a sky beast corpse.
There are no objects that can be picked up here. a sky beast corpse You see here a sky beast corpse.
Found a crooked copper wand.
An orc comes into view. It is wielding a +0 hand axe.
The orc shouts!
An orc priest comes into view. It is wielding a +0 flail.
The orc priest shouts, "Surrender to Beogh and we'll let you live!" (press Y on the ability menu to convert to Beogh)
The orc priest shouts!
An orc comes into view. It is wielding a +0 dagger.
A scorpion comes into view.
There are monsters nearby!
Throw: 4 boomerangs
Press: ? - help, Q - select action, (/) - cycle Shift-Dir - straight line, f - orc
Aim: an orc, wielding a +0 hand axe (57% to hit)
You throw a boomerang. The boomerang closely misses the orc.
The orc shouts!
Throw: 4 boomerangs
Press: ? - help, Q - select action, (/) - cycle Shift-Dir - straight line, f/p - orc
Aim: an orc, wielding a +0 hand axe (57% to hit)
You throw a boomerang. The boomerang hits the orc.
The orc is severely wounded.
The orc priest invokes the aid of Beogh against you.
Beogh smites you!
* * * LOW HITPOINT WARNING * * *
The orc barely misses you. The orc attacks as you move away!
You block the orc's attack.
The orc priest calls down the wrath of Beogh upon you.
Beogh smites you!
* * * LOW HITPOINT WARNING * * *
The orc closely misses you. The orc attacks as you move away!
The orc barely misses you.
There are monsters nearby!
As you read the scroll of teleportation, it crumbles to dust.
You feel strangely unstable. You block the orc's attack.
The scorpion stings you.
You die...

#.. #†#.....# ##
#.#.....#
#.#####.#
#.....#.#
#####.#.#
######.###
#....#.#.#####
#.............
#...@....###..
##.#...os........
#..........######
###........#
##.o.....#
#.......#
#.o####.# #.. .#.
.#. .#.#


You could see a scorpion, an orc priest and 2 orcs.

Vanquished Creatures
  A sky beast (D:6)
  2 adders (D:2)
  2 worms (D:2)
  2 dart slugs
  4 ball pythons
  4 bats
  4 endoplasms
  2 giant cockroaches
  A goblin (D:1)
  7 hobgoblins
  5 kobolds (D:1)
  2 quokkas
  A frilled lizard (D:2)
  6 rats
43 creatures vanquished.

Notes
Turn   | Place    | Note
-------+----------+-------------------------------------------
     0 | D:1      | slade the Hill Orc Fighter began the quest for the Orb.
     0 | D:1      | Reached XP level 1. HP: 19/19 MP: 1/1
   168 | D:1      | Reached XP level 2. HP: 25/27 MP: 2/2
   704 | D:1      | Reached XP level 3. HP: 25/33 MP: 3/3
   855 | D:2      | Found Kulinyt's Distillery.
  1137 | D:2      | Reached XP level 4. HP: 21/40 MP: 4/4
  1435 | D:2      | Reached skill level 1 in Dodging
  1933 | D:3      | You fall into a shaft and drop 3 floors!
  1943 | D:6      | Noticed a sky beast
  1989 | D:6      | Killed a sky beast
  1990 | D:6      | Reached XP level 5. HP: 14/47 MP: 5/5
  2023 | D:6      | HP: 2/47 [orc priest/divine providence (12)]
  2025 | D:6      | Slain by a scorpion

Illustrated notes

Levels and vault maps discovered:
D:1:      wander_arrival_lonely_grave, layout_loops_ring
D:2:      layout_rooms, serial_shops, nicolae_shop_trees,
          minmay_misc_feat_more_columns, chequers_serial_rivers_micro_b,
          minmay_diced_spiral
D:3:      layout_basic, saegor_snake_ambush, uniq_jessica, uniq_robin,
          uniq_sigmund, uniq_crazy_yiuf_cottage
D:6:      layout_rooms, nicolae_tso_carved_into_rock, zin_treasury,
          serial_shops, nicolae_inconvenience_store, shop, shop,
          nicolae_shop_hallway_plus, shop, serial_co_window_serial,
          co_window_corner_a, co_window_corner_a, co_window_paths_b,
          co_window_of_opportunity_a, co_window_corner_a, co_window_paths_c,
          co_window_unsneaky_path_b, co_window_of_opportunity_b,
          co_window_2corner, co_window_of_opportunity_c, co_window_paths_d,
          glass_columns_a, glass_columns_c, uniq_prince_ribbit1

Skill      XL: |  1  2  3  4 |
---------------+-------------+-----
Armour         | 4 |  4.4
Fighting       | 4 |  4.6
Dodging        | 1 |  1.2
Short Blades   | |  2.8
Throwing       | |  0.7
Stealth        | |  0.1
Shields        | |  3.7

Action                     |  1- 3 |  4- 6 || total
---------------------------+-------+-------++-------
  Melee: Rapier            |   171 |    49 ||   220
  Throw: Stone             |    33 |     3 ||    36
         Boomerang         |       |     2 ||     2
    Use: Scroll            |     6 |     3 ||     9
         Potion            |     2 |       ||     2
 Armour: Scale mail        |    99 |    10 ||   109
  Dodge: Dodged            |    74 |    20 ||    94
  Block: Buckler           |    41 |    12 ||    53

Table legend: (Time is in decaauts)
 A = Elapsed time spent in this place.
 B = Non-inter-level travel time spent in this place.
 C = Inter-level travel time spent in this place.
 D = Time resting spent in this place.
 E = Time spent auto-exploring this place.
 F = Levels seen in this place.
 G = Mean time per level.
                   A        B        C        D        E       F      G
               +--------+--------+--------+--------+--------+-----+--------+
         Total |   2061 |   1284 |    777 |     17 |      0 |   4 |  515.2 |
       Dungeon |   2061 |   1284 |    777 |     17 |      0 |   4 |  515.2 |
               +--------+--------+--------+--------+--------+-----+--------+

Top non-repeatable levels by time:
     D:1: 876 daAuts
     D:2: 719 daAuts
     D:3: 371 daAuts
     D:6: 95 daAuts
